 Dungeon Crawl Stone Soup version 0.28-a0-384-g9e0c098162 (webtiles) character file.

Game seed: 15522660989732778735

109 snetch the Chopper (level 4, 0/41 HPs)
             Began as a Minotaur Berserker on Sept 2, 2021.
             Was a Follower of Trog.
             Shot with a stone by a goblin (4 damage)
             ... led by Robin
             ... on level 2 of the Dungeon.
             The game lasted 00:03:55 (1522 turns).

snetch the Chopper (Minotaur Berserker)             Turns: 1522, Time: 00:03:55

Health: 0/41       AC:  2    Str: 22    XL:     4   Next: 60%
Magic:  3/3        EV: 13    Int:  4    God:    Trog [*.....]
Gold:   18         SH:  0    Dex: 16    Spells: 3/3 levels left

rFire   . . .      SeeInvis +   a - +0 hand axe
rCold   . . .      Faith    .   (no shield)
rNeg    . . .      Spirit   .   b - +0 animal skin
rPois   .          Reflect  .   (helmet restricted)
rElec   .          Harm     .   (no cloak)
rCorr   .          Rampage  .   (no gloves)
Will    .....                   (no boots)
Stlth   ++........              (no amulet)
HPRegen 0.13/turn               g - ring of see invisible
MPRegen 0.08/turn               i - +6 ring of dexterity

@: no status effects
A: horns 2, retaliatory headbutt
a: Renounce Religion, Berserk


You were on level 2 of the Dungeon.
You worshipped Trog.
Trog was aware of your devotion.
You visited 1 branch of the dungeon, and saw 3 of its levels.

You collected 60 gold pieces.
You spent 42 gold pieces at shops.

Inventory:

Hand Weapons
 a - a +0 hand axe (weapon)
Missiles
 d - 53 arrows
 f - 3 curare-tipped darts (quivered)
 j - 87 stones
Armour
 b - a +0 animal skin (worn)
Jewellery
 g - a ring of see invisible (left hand)
 i - a +6 ring of dexterity (right hand)
Scrolls
 c - 8 scrolls of identify {unknown}
 l - 2 scrolls of teleportation
Potions
 e - a potion of berserk rage {unknown}
 h - 2 potions of heal wounds {unknown}
 k - a potion of mutation {unknown}
 m - a potion of magic {unknown}


   Skills:
 + Level 4.8 Fighting
 + Level 4.9 Axes
 + Level 2.9 Armour
 + Level 2.9 Dodging
 + Level 0.2 Stealth


You had 3 spell levels left.
You didn't know any spells.
Your spell library was empty.

Dungeon Overview and Level Annotations

Branches:
Dungeon (3/15)

Altars:

Shops:
D:2 [?=

Annotations:
D:1 all races behind stones


Innate Abilities, Weirdness & Mutations

You have a pair of horns on your head.
You reflexively headbutt those who attack you in melee.


Message History

You hit the goblin.
You kill the goblin!
Trog accepts your kill.
You barely miss the goblin. Your headbutt misses the goblin.
The goblin unwields a +0 hunting sling.
The goblin wields a +0 dagger.
The goblin hits you with a +0 dagger.
* * * LOW HITPOINT WARNING * * *
You hit the goblin.
You kill the goblin!
Trog accepts your kill.
Okay, then.
j - 65 stones (gained 31)
Items here: )))) †.
Okay, then.
You feel yourself speed up.
m - a metallic grey potion The goblin shouts!
You see here 22 stones.
You see here a +0 dagger.
You see here 22 stones.
j - 87 stones (gained 22)
You recover from your berserk rage.
A goblin comes into view. It is wielding a +0 club.
You see here a +0 dagger.
You hit the goblin. Your headbutt misses the goblin.
The goblin is moderately wounded.
The goblin hits you but does no damage.
You closely miss the goblin. Your headbutt misses the goblin.
The goblin is moderately wounded.
The goblin unwields a +0 club.
The goblin wields a +0 hunting sling.
The goblin shoots a stone.
The stone hits you.
* * * LOW HITPOINT WARNING * * *
The goblin hits you with a +0 club.
* * * LOW HITPOINT WARNING * * *
The goblin shoots a stone.
The stone closely misses you. The goblin hits you with a +0 club.
* * * LOW HITPOINT WARNING * * *
You see here a +0 dagger.
The goblin shoots a stone.
The stone hits you.
You die...

..#.###...^.......∩.......
........###.######...#####
###.###.......# #...#
#..##.#.# #...#
#.###..##.#.# #...#
#.........#.# #...#
...####.)####.####...#
#...........###.#
#...@....##.
........##)#.##
.#.###.##.g...# #.##.†#).#
#.....).)# ####.)..†g..gg.
####......#g #.##.#.# #..
.# #


You could see 2 goblins.

Vanquished Creatures
  Natasha (twice) (D:2)
  Robin (D:2)
  An adder (D:2)
  2 ball pythons
  6 bats
  3 endoplasms
  10 goblins
  6 hobgoblins
  A kobold (D:1)
  4 frilled lizards
  5 rats (D:1)
41 creatures vanquished.

Notes
Turn   | Place    | Note
-------+----------+-------------------------------------------
     0 | D:1      | snetch the Minotaur Berserker began the quest for the Orb.
     0 | D:1      | Reached XP level 1. HP: 19/19 MP: 0/0
     2 | D:1      | Noticed a naga
     4 | D:1      | Noticed a ghoul
     4 | D:1      | Noticed a palentonga
     6 | D:1      | Noticed a tengu
     6 | D:1      | Noticed a draconian
     8 | D:1      | Noticed an octopode
     8 | D:1      | Noticed a troll
    11 | D:1      | Noticed a merfolk
    11 | D:1      | Noticed a minotaur
    13 | D:1      | Noticed a felid
    15 | D:1      | Noticed a vine stalker
    15 | D:1      | Noticed a spriggan
    17 | D:1      | Noticed a gargoyle
    17 | D:1      | Noticed a barachi
    19 | D:1      | Noticed a demigod
    19 | D:1      | Noticed a human
    22 | D:1      | Noticed a vampire
    22 | D:1      | Noticed a djinni
    24 | D:1      | Noticed a formicid
    24 | D:1      | Noticed a dwarf
    26 | D:1      | Noticed an ogre
    28 | D:1      | Noticed an elf
    28 | D:1      | Noticed a demonspawn
   438 | D:1      | Reached XP level 2. HP: 26/27 MP: 1/1
   620 | D:2      | Noticed Natasha
   625 | D:2      | Killed Natasha
   626 | D:2      | Reached XP level 3. HP: 25/34 MP: 2/2
  1192 | D:2      | Found Dywy's Jewellery Shop.
  1294 | D:2      | Found Lykliut's Magic Scroll Shop.
  1322 | D:2      | Bought a scroll of teleportation for 42 gold pieces
  1468 | D:2      | Noticed Natasha
  1474 | D:2      | Killed Natasha
  1475 | D:2      | Reached XP level 4. HP: 28/41 MP: 3/3
  1478 | D:2      | Found Tanudd's Antique Armour Shop.
  1482 | D:2      | Noticed Robin
  1490 | D:2      | Killed Robin
  1522 | D:2      | Shot with a stone by a goblin

Illustrated notes

Levels and vault maps discovered:
D:1:      kb_arrival_jail, layout_basic
D:2:      layout_loops_cross, serial_shops, nicolae_diamond_shop, shop, shop,
          nicolae_shop_trees, nicolae_diamond_shop,
          dreamdust_ecumenical_altar_statues, minmay_shallow_snake_nest,
          uniq_robin, uniq_natasha
D:3:      layout_basic, bloody_makhleb, zin_academy,
          gammafunk_temple_overflow_claw

Skill      XL: |  1  2 |
---------------+-------+-----
Axes           | 4 |  4.9
Fighting       | 4 |  4.8
Armour         | |  2.9
Dodging        | |  2.9
Stealth        | |  0.2

Action                   |  1- 3 |  4- 6 || total
-------------------------+-------+-------++-------
Melee: Hand axe          |    56 |    15 ||    71
       Headbutt          |     8 |     3 ||    11
Invok: Berserk           |       |     1 ||     1
 Stab: Sleeping          |     1 |       ||     1
Armor: Animal skin       |    21 |     3 ||    24
Dodge: Dodged            |    41 |     9 ||    50

Table legend: (Time is in decaauts)
 A = Elapsed time spent in this place.
 B = Non-inter-level travel time spent in this place.
 C = Inter-level travel time spent in this place.
 D = Time resting spent in this place.
 E = Time spent auto-exploring this place.
 F = Levels seen in this place.
 G = Mean time per level.
                   A        B        C        D        E       F      G
               +--------+--------+--------+--------+--------+-----+--------+
         Total |   1543 |   1509 |     34 |     72 |   1044 |   3 |  514.3 |
       Dungeon |   1543 |   1509 |     34 |     72 |   1044 |   3 |  514.3 |
               +--------+--------+--------+--------+--------+-----+--------+

Top non-repeatable levels by time:
     D:1: 1031 daAuts
     D:2: 499 daAuts
     D:3: 11 daAuts
